 Dungeon Crawl Stone Soup version 0.32-a0-909-gc671339a80 (webtiles) character file.

Game seed: 1165327768070281762

2319 601d51SH the Spear-Bearer (level 9, -2/74 HPs)
             Began as a Gnoll Cinder Acolyte on Apr 6, 2024.
             Was a Believer of Ignis.
             Slain by a gnoll sergeant
             ... wielding a +0 trident
              (12 damage)
             ... on level 6 of the Dungeon.
             The game lasted 00:17:43 (6843 turns).

601d51SH the Spear-Bearer (Gnoll Cinder Acolyte)    Turns: 6843, Time: 00:17:44

Health: -2/74      AC:  6    Str: 15    XL:     9   Next: 41%
Magic:  8/16       EV: 10    Int: 22    God:    Ignis [**....]
Gold:   287        SH:  0    Dex:  8    Spells: 7/18 levels left

rFire   + . .        B - +2 halberd (venom)
rCold   . . .        (shield currently unavailable)
rNeg    . . .        I - +0 ring mail
rPois   .            (helmet currently unavailable)
rElec   .            L - melded scarf {+Inv}
rCorr   .            (gloves currently unavailable)
SInv    .            (boots currently unavailable)
Will    .....        (no amulet)
Stlth   ++           p - ring of wizardry
HPRegen 0.32/turn    N - +6 ring of intelligence
MPRegen 0.15/turn

%: wizardry (x1)
@: beast-form, rising, flying, very slightly contaminated
A: beast (slay +2), fangs 1, strong nose, distributed training
a: Begin Untransformation, Renounce Religion, Fiery Armour, Foxfire Swarm


You were on level 6 of the Dungeon.
You worshipped Ignis.
Ignis was pleased with you.
You were a hulking beast.
You visited 1 branch of the dungeon, and saw 6 of its levels.
You also visited: Ossuary.

You collected 287 gold pieces.

Inventory:

Hand Weapons
 a - a -1 spear of flaming
 B - a +2 halberd of venom (weapon)
 G - a +1 morningstar of protection
Missiles
 H - a boomerang (quivered)
Armour
 b - a +0 robe
 e - a scarf of harm
 f - a +0 leather armour
 k - a +0 chain mail
 o - a +0 kite shield
 I - a +0 ring mail (worn)
 L - a scarf of invisibility (melded)
Jewellery
 p - a ring of wizardry (left hand)
 K - an amulet of guardian spirit
 N - a +6 ring of intelligence (right hand)
Talismans
 J - a beast talisman (active)
Wands
 r - a wand of roots (15)
 M - a wand of polymorph (2)
Scrolls
 d - a scroll of brand weapon {unknown}
 g - a scroll of silence {unknown}
 j - 4 scrolls of teleportation
 l - a scroll of fear {unknown}
 n - a scroll of poison {unknown}
 q - 2 scrolls of summoning {unknown}
 x - a scroll of fog {unknown}
 y - 3 scrolls of enchant weapon {unknown}
 z - a scroll of revelation {unknown}
 A - a scroll of acquirement {unknown}
 E - 3 scrolls of identify
Potions
 c - 2 potions of haste
 h - 6 potions of curing
 i - 2 potions of invisibility {unknown}
 m - 4 potions of heal wounds
 s - a potion of mutation {unknown}
 t - 2 potions of brilliance {unknown}
 u - 3 potions of resistance
 v - 2 potions of might {unknown}
 w - 3 potions of lignification
 C - a potion of attraction {unknown}
 D - a potion of ambrosia {unknown}
 F - a potion of enlightenment {unknown}


   Skills:
 + Level 8.0 Fighting
 + Level 4.4 Short Blades
 + Level 4.4 Long Blades
 + Level 4.4 Axes
 + Level 4.4 Maces & Flails
 + Level 8.0 Polearms
 + Level 4.4 Staves
 + Level 4.4 Ranged Weapons
 + Level 4.4 Throwing
 + Level 4.4 Armour
 + Level 4.4 Dodging
 + Level 4.4 Stealth
 + Level 4.4 Shields
 + Level 4.4 Unarmed Combat
 + Level 5.3 Spellcasting
 + Level 3.6 Conjurations
 + Level 3.6 Hexes
 + Level 3.6 Summonings
 + Level 3.6 Necromancy
 + Level 3.6 Translocations
 + Level 6.6 Fire Magic
 + Level 3.6 Ice Magic
 + Level 3.6 Air Magic
 + Level 3.6 Earth Magic
 + Level 3.6 Alchemy
 + Level 4.8 Invocations
 + Level 4.4 Evocations
 + Level 4.0 Shapeshifting


You had 7 spell levels left.
You knew the following spells:

 Your Spells              Type           Power      Damage    Failure   Level
a - Scorch                Fire           70%        2d7       1%          2
b - Ensorcelled Hibernat  Hex/Ice        42%        N/A       2%          2
c - Fugue of the Fallen   Necr           21%        N/A       4%          3
d - Anguish               Hex/Necr       10%        N/A       16%         4

Your spell library contained the following spells:

 Spells                   Type           Power      Damage    Failure   Level
 Call Canine Familiar     Summ           21%        N/A       4%          3
 Sigil of Binding         Hex            21%        N/A       4%          3
 Ignite Poison            Fire/Alch      28%        N/A       9%          4
 Sticky Flame             Fire/Alch      28%        2d7       9%          4
 Dimensional Bullseye     Hex/Tloc       10%        N/A       16%         4
 Ignition                 Fire           17%        3d7       100%        8


Dungeon Overview and Level Annotations

Branches:
Dungeon (6/15)            Ossuary (visited)
 Temple: D:4-7

Altars:
Cheibriados
Fedhas
Nemelex Xobeh

Shops:
D:5 *

Annotations:
D:6 Duvessa


Innate Abilities, Weirdness & Mutations

You are a hulking beast.
Your limbs bulge with bestial killing power. (Slay +2)
You have very sharp teeth.
Your uncanny sense of smell can sniff out nearby items.
Your experience applies equally to all skills.


Message History

A gnoll comes into view. It is wielding a +0 club.
Activating: Foxfire Swarm
Press: ? - help, Dir - look around, f - activate Flames leap up around you!
The gnoll sergeant hits you from afar with a +0 trident!
* * * LOW HITPOINT WARNING * * *
The foxfire hits the jelly.
The jelly is moderately wounded.
Duvessa, Sister of Dowan comes into view.
She is wielding a +2 short sword of protection.
Casting: Scorch (safe; 1% risk of failure)
Confirm with . or Enter, or press ? or * to list all spells.
Flames lash the gnoll.
The gnoll is severely wounded.
The gnoll's fire resistance burns away.
The foxfire hits the jelly!
The jelly is almost dead.
The foxfire hits the gnoll sergeant but does no damage.
The gnoll sergeant is lightly wounded.
The foxfire hits the jelly.
You kill the jelly!
The foxfire hits the gnoll sergeant but does no damage.
The gnoll sergeant is lightly wounded.
The foxfire hits the gnoll sergeant but does no damage.
The gnoll sergeant is lightly wounded.
The foxfire hits the gnoll sergeant.
The gnoll sergeant is lightly wounded.
The foxfire hits the gnoll sergeant but does no damage.
The gnoll sergeant is lightly wounded.
The foxfire hits the gnoll sergeant.
The gnoll sergeant is lightly wounded.
The foxfire hits the gnoll sergeant but does no damage.
The gnoll sergeant is lightly wounded.
The gnoll sergeant hits you from afar with a +0 trident!
* * * LOW HITPOINT WARNING * * *
The foxfire hits the gnoll!
The gnoll is burned terribly!
You kill the gnoll!
You begin to rise into the air.
The foxfire hits the gnoll sergeant.
The gnoll sergeant is moderately wounded.
The gnoll sergeant hits you from afar with a +0 trident!
You die...
Ignis goes out, and joins you in death.

∆ .... .... ..# ## ###§.
#.. #.§# .. #eg##
##§.### #.. #..g.
##§....# #...
###..).##§.v...##....
#...§§§h§##......#
..#.§§§§§##......#
###§§######..### ###..
###..# #..## #..###
#..### ##..### ∆
#....###.....# ∆
#....##......#
..#######......##......#


You could see Duvessa, a gnoll sergeant and a gnoll.

Vanquished Creatures
  Grinder (D:3)
  Menkaure (D:5)
  A black bear (D:6)
  2 ogres
  4 phantoms
  2 elf zombies (Ossuary)
  A weeping skull (Ossuary)
  3 bullfrogs (D:6)
  4 scorpions
  A burial acolyte (Ossuary)
  A howler monkey (D:5)
  3 bombardier beetles
  2 jellies
  2 sleepcaps (D:5)
  3 iguanas
  3 mummies (Ossuary)
  8 gnolls
  7 adders
  A shadow imp (D:5)
  2 white imps (D:6)
  2 ufetubi (D:6)
  4 dart slugs
  5 ribbon worms
  5 orcs
  8 bats
  12 endoplasms
  4 giant cockroaches
  2 gnoll zombies (Ossuary)
  4 goblins
  7 hobgoblins
  8 jackals (D:1)
  7 kobolds
  6 quokkas
  7 ball pythons
  3 frilled lizards
  2 kobold zombies (Ossuary)
  2 orc zombies (Ossuary)
  6 rats
146 creatures vanquished.

Vanquished Creatures (others)
  An acid dragon (D:6)
  94 foxfires
95 creatures vanquished.

Grand Total: 241 creatures vanquished

Notes
Turn   | Place    | Note
-------+----------+-------------------------------------------
     0 | D:1      | 601d51SH the Gnoll Cinder Acolyte began the quest for the
                  | Orb.
     0 | D:1      | Reached XP level 1. HP: 23/23 MP: 4/4
   217 | D:1      | Reached XP level 2. HP: 29/29 MP: 5/5
   220 | D:1      | Learned a level 2 spell: Scorch
   718 | D:1      | Reached XP level 3. HP: 35/35 MP: 4/7
  1132 | D:2      | Reached skill level 1 in Invocations
  1380 | D:2      | Reached skill level 1 in Short Blades
  1380 | D:2      | Reached skill level 1 in Long Blades
  1380 | D:2      | Reached skill level 1 in Axes
  1380 | D:2      | Reached skill level 1 in Maces & Flails
  1380 | D:2      | Reached skill level 1 in Staves
  1380 | D:2      | Reached skill level 1 in Ranged Weapons
  1380 | D:2      | Reached skill level 1 in Throwing
  1380 | D:2      | Reached skill level 1 in Armour
  1380 | D:2      | Reached skill level 1 in Dodging
  1380 | D:2      | Reached skill level 1 in Stealth
  1380 | D:2      | Reached skill level 1 in Shields
  1380 | D:2      | Reached skill level 1 in Unarmed Combat
  1380 | D:2      | Reached skill level 1 in Evocations
  1380 | D:2      | Found a snail-covered altar of Cheibriados.
  1572 | D:2      | Reached skill level 1 in Shapeshifting
  1572 | D:2      | Reached XP level 4. HP: 41/41 MP: 5/8
  2336 | D:3      | Noticed an ogre
  2358 | D:3      | Killed an ogre
  2359 | D:3      | Reached skill level 1 in Conjurations
  2359 | D:3      | Reached skill level 1 in Hexes
  2359 | D:3      | Reached skill level 1 in Summonings
  2359 | D:3      | Reached skill level 1 in Necromancy
  2359 | D:3      | Reached skill level 1 in Translocations
  2359 | D:3      | Reached skill level 1 in Ice Magic
  2359 | D:3      | Reached skill level 1 in Air Magic
  2359 | D:3      | Reached skill level 1 in Earth Magic
  2359 | D:3      | Reached skill level 1 in Alchemy
  2359 | D:3      | Reached XP level 5. HP: 47/47 MP: 3/9
  2434 | D:3      | Learned a level 2 spell: Ensorcelled Hibernation
  2459 | D:3      | Learned a level 3 spell: Fugue of the Fallen
  2673 | D:3      | Noticed Grinder
  2694 | D:3      | Killed Grinder
  2695 | D:3      | Reached XP level 6. HP: 53/53 MP: 9/11
  2831 | D:3      | Found a faded altar of an unknown god.
  3154 | D:4      | Found a sand-covered staircase.
  3159 | Ossuary  | Entered an ossuary
  3284 | Ossuary  | Reached XP level 7. HP: 60/60 MP: 6/12
  4246 | D:4      | Reached XP level 8. HP: 51/67 MP: 11/14
  5327 | D:5      | Entered Level 5 of the Dungeon
  5501 | D:5      | Noticed Menkaure
  5511 | D:5      | Killed Menkaure
  5603 | D:5      | Found Woanacw's General Store.
  6084 | D:5      | Found a sparkling altar of Nemelex Xobeh.
  6221 | D:6      | Reached XP level 9. HP: 55/73 MP: 16/16
  6314 | D:6      | Found a blossoming altar of Fedhas.
  6324 | D:6      | Reached skill level 5 in Spellcasting
  6482 | D:6      | Learned a level 4 spell: Anguish
  6677 | D:6      | Found a snail-covered altar of Cheibriados.
  6841 | D:6      | Noticed Duvessa
  6843 | D:6      | Slain by a gnoll sergeant

Illustrated notes

Levels and vault maps discovered:
D:1:      dpeg_arrival_lava_temple_mockup, layout_loops_ring
D:2:      layout_loops_corners, basic_altar
D:3:      layout_rooms, hellmonk_ecumenical_altar_inner_sanctum,
          chequers_serial_rivers_large_a, uniq_grinder
D:4:      minmay_evil_eye, layout_basic, nicolae_ossuary_entry_ruins,
          kennysheep_path_1, chequers_serial_rivers_marsh,
          kennysheep_generic_room_10
D:5:      layout_rooms, kennysheep_little_box, serial_shops,
          nicolae_diamond_shop, minmay_misc_feat_room, saegor_snake_ambush,
          uniq_menkaure
D:6:      layout_rooms, lemuel_coloured_pillars_altar,
          mainiacjoe_overflow_tiny_flanked, led_xom_imps,
          nicolae_houndstooth_variations, uniq_duvessa

Skill      XL: |  1  2  3  4  5  6  7  8  9 |
---------------+----------------------------+-----
Invocations    | 1 2 3 4 |  4.8
Short Blades   | 1 2 3 4 |  4.4
Long Blades    | 1 2 3 4 |  4.4
Axes           | 1 2 3 4 |  4.4
Maces & Flails | 1 2 3 4 |  4.4
Staves         | 1 2 3 4 |  4.4
Ranged Weapons | 1 2 3 4 |  4.4
Throwing       | 1 2 3 4 |  4.4
Armour         | 1 2 3 4 |  4.4
Dodging        | 1 2 3 4 |  4.4
Stealth        | 1 2 3 4 |  4.4
Shields        | 1 2 3 4 |  4.4
Unarmed Combat | 1 2 3 4 |  4.4
Evocations     | 1 2 3 4 |  4.4
Shapeshifting  | 1 2 3 4 |  4.0
Spellcasting   | 3 4 5 |  5.3
Conjurations   | 1 2 3 |  3.6
Hexes          | 1 2 3 |  3.6
Summonings     | 1 2 3 |  3.6
Necromancy     | 1 2 3 |  3.6
Translocations | 1 2 3 |  3.6
Ice Magic      | 1 2 3 |  3.6
Air Magic      | 1 2 3 |  3.6
Earth Magic    | 1 2 3 |  3.6
Alchemy        | 1 2 3 |  3.6
Fighting       | 7 8 |  8.0
Polearms       | 7 8 |  8.0
Fire Magic     | 6 |  6.6

Action                     |  1- 3 |  4- 6 |  7- 9 || total
---------------------------+-------+-------+-------++-------
  Melee: Spear             |    89 |   100 |    62 ||   251
         Bite              |     5 |    15 |    24 ||    44
         Halberd           |       |       |   141 ||   141
   Cast: Scorch            |    16 |    16 |    44 ||    76
         Anguish           |       |       |     1 ||     1
 Invoke: Foxfire Swarm     |       |     3 |     2 ||     5
         Fiery Armour      |       |       |     1 ||     1
         Rising Flame      |       |       |     1 ||     1
    Use: Scroll            |       |       |     6 ||     6
   Stab: Sleeping          |       |     2 |     4 ||     6
 Armour: Robe              |    52 |    42 |    34 ||   128
         Leather armour    |       |       |    62 ||    62
         Ring mail         |       |       |    26 ||    26
  Dodge: Dodged            |    52 |    35 |    96 ||   183
   Form: Beast             |       |       |     1 ||     1

Table legend: (Time is in decaauts)
 A = Elapsed time spent in this place.
 B = Non-inter-level travel time spent in this place.
 C = Inter-level travel time spent in this place.
 D = Time resting spent in this place.
 E = Time spent auto-exploring this place.
 F = Levels seen in this place.
 G = Mean time per level.
                   A        B        C        D        E       F      G
               +--------+--------+--------+--------+--------+-----+--------+
         Total |   6822 |   6337 |    485 |   1235 |   3589 |   7 |  974.6 |
       Dungeon |   5919 |   5434 |    485 |    619 |   3589 |   6 |  986.5 |
       Ossuary |    902 |    902 |      0 |    616 |      0 |   1 |  902.0 |
               +--------+--------+--------+--------+--------+-----+--------+

Top non-repeatable levels by time:
     D:4: 1435 daAuts
     D:2: 1158 daAuts
     D:1: 1056 daAuts
 Ossuary: 902 daAuts
     D:5: 889 daAuts
     D:3: 723 daAuts
     D:6: 655 daAuts
